 Dungeon Crawl Stone Soup version 0.22.0-36-g8e74550 (webtiles) character file.

58 shmeve the Chopper (level 3, -4/33 HPs)
             Began as a Minotaur Berserker on Aug 24, 2018.
             Was a Follower of Trog.
             Slain by a worker ant (5 damage)
             ... on level 2 of the Dungeon.
             The game lasted 00:01:40 (986 turns).

shmeve the Chopper (Minotaur Berserker)              Turns: 986, Time: 00:01:41

Health: -4/33      AC:  2    Str: 22    XL:     3   Next: 75%
Magic:  2/2        EV: 12    Int:  4    God:    Trog [*.....]
Gold:   10         SH:  0    Dex:  9    Spells: 2/2 levels left

rFire    . . .     SeeInvis .   a - +0 hand axe
rCold    . . .     Gourm    .   (no shield)
rNeg     . . .     Faith    .   b - +0 animal skin
rPois    .         Spirit   .   (helmet restricted)
rElec    .         Reflect  .   (no cloak)
rCorr    .         Harm     .   (no gloves)
MR       ++...                  (no boots)
Stlth    +.........             h - amulet of regeneration
HPRegen  1.51/turn              (no ring)
MPRegen  0.08/turn              (no ring)

@: berserk cooldown, regenerating, slowed, very slow
A: retaliatory headbutt, horns 2
a: Berserk, Renounce Religion


You were on level 2 of the Dungeon.
You worshipped Trog.
Trog was aware of your devotion.
You were very hungry.

You visited 1 branch of the dungeon, and saw 2 of its levels.

You collected 10 gold pieces.

Inventory:

Hand Weapons
 a - a +0 hand axe (weapon)
Armour
 b - a +0 animal skin (worn)
Jewellery
 h - an amulet of regeneration (around neck)
Scrolls
 d - a scroll of enchant armour {unknown}
 f - 3 scrolls of remove curse {unknown}
 i - a scroll of random uselessness {unknown}
 j - a scroll of identify {unknown}
 k - a scroll of magic mapping {unknown}
Potions
 e - a potion of might {unknown}
 g - a potion of curing {unknown}
Comestibles
 c - 2 rations


   Skills:
 * Level 4.2 Fighting
 * Level 4.3 Axes
 * Level 1.6 Throwing
 + Level 2.8 Armour
 + Level 2.5 Dodging


You had 2 spell levels left.
You didn't know any spells.
Your spell library was empty.

Dungeon Overview and Level Annotations

Branches:
Dungeon (2/15)

Altars:

Annotations:
D:2 Natasha


Innate Abilities, Weirdness & Mutations

You reflexively headbutt those who attack you in melee.
You have a pair of horns on your head.


Message History

You feel somewhat more hungry.
You can no longer call upon Trog for regeneration and magic resistance.
The bat hits you but does no damage. The worker ant barely misses you.
You furiously retaliate!
You headbutt the worker ant! Natasha barely misses you.
The worker ant closely misses you. You furiously retaliate!
You headbutt the worker ant, but do no damage.
Natasha closely misses you.
You hit Natasha. You headbutt Natasha, but do no damage.
Natasha is severely wounded.
You miss the goblin. You closely miss the worker ant. The bat hits you.
* * * LOW HITPOINT WARNING * * *
The worker ant barely misses you.
The goblin unwields an uncursed hunting sling.
The goblin wields an uncursed dagger.
The goblin hits you but does no damage.
The white imp picks up a beetle and eats it.
Natasha claws you.
* * * LOW HITPOINT WARNING * * *
The worker ant bites you.
You die...

.............##
................
............?...
................
..............
#............
#....h.....(. #.
#..(@a5...... #.
#..b.g....... #.
#######...)####### #.
......(.†......... ..
...........####### #.
.................. #.
......(....##############.
...$......................
.########+#########....#..


You could see a worker ant, Natasha, a white imp, a goblin and a bat.

Vanquished Creatures
  Natasha (D:2)
  A worm (D:2)
  7 bats
  2 giant cockroaches (D:1)
  6 goblins
  3 hobgoblins (D:1)
  3 frilled lizards (D:1)
  3 kobolds
  3 rats (D:1)
29 creatures vanquished.

Vanquished Creatures (others)
  A bat (D:2)
1 creature vanquished.

Grand Total: 30 creatures vanquished

Notes
Turn   | Place    | Note
-------+----------+-------------------------------------------
     0 | D:1      | shmeve the Minotaur Berserker began the quest for the Orb.
     0 | D:1      | Reached XP level 1. HP: 19/19 MP: 0/0
   254 | D:1      | Reached XP level 2. HP: 27/27 MP: 1/1
   465 | D:1      | Reached skill level 1 in Throwing
   967 | D:2      | Noticed Natasha
   973 | D:2      | Reached XP level 3. HP: 32/33 MP: 2/2
   975 | D:2      | Killed Natasha
   976 | D:2      | Noticed Natasha
   981 | D:2      | Reached ** piety under Trog
   986 | D:2      | HP: 1/33 [Natasha (6)]
   986 | D:2      | Slain by a worker ant

Skill      XL: |  1  2 |
---------------+-------+-----
Throwing       | 1 |  1.6
Axes           | 4 |  4.3
Fighting       | 4 |  4.2
Armour         | |  2.8
Dodging        | |  2.5

Action                   || total
-------------------------++-------
Melee: Hand axe          ||    37
       Headbutt          ||     6
Invok: Berserk           ||     1
       Trog's Hand       ||     1
 Stab: Sleeping          ||     2
Armor: Animal skin       ||    12
Dodge: Dodged            ||    35
